 Dungeon Crawl Stone Soup version 0.30-a0-711-gf4ac18a38d (webtiles) character file.

Game seed: 17473814640556614970

40 ASSMAN the Gusty (level 3, -2/26 HPs)
             Began as a Draconian Air Elementalist on Jan 23, 2023.
             Slain by Natasha (5 damage)
             ... on level 2 of the Dungeon.
             The game lasted 00:02:14 (864 turns).

ASSMAN the Gusty (Draconian Air Elementalist)        Turns: 864, Time: 00:02:15

Health: -2/26      AC:  5    Str: 10    XL:     3   Next: 30%
Magic:  7/7        EV: 12    Int: 17    God:
Gold:   74         SH:  0    Dex: 11    Spells: 6/7 levels left

rFire   . . .      SeeInvis .    d - +2 whip (venom)
rCold   . . .      Faith    .    (no shield)
rNeg    . . .      Spirit   .    (body armour unavailable)
rPois   .          Reflect  .    (helmet restricted)
rElec   .          Harm     .    (no cloak)
rCorr   .          Rampage  .    (no gloves)
Will    .....                    (no boots)
Stlth   ++                       (no amulet)
HPRegen 0.24/turn                (no ring)
MPRegen 0.10/turn                (no ring)

@: lethally poisoned (-2 -> -7)
A: AC +5, unfitting armour, cold-blooded
a: no special abilities


You were on level 2 of the Dungeon.
You visited 1 branch of the dungeon, and saw 2 of its levels.

You collected 74 gold pieces.

Inventory:

Hand Weapons
 b - a +0 dagger of speed
 d - a +2 whip of venom (weapon)
Jewellery
 f - a ring of see invisible
Scrolls
 e - a scroll of enchant armour {unknown}
 g - a scroll of identify {unknown}
 h - a scroll of fog {unknown}
 j - a scroll of poison {unknown}
Potions
 a - a potion of magic
 c - a potion of haste {unknown}
 i - a potion of ambrosia {unknown}


   Skills:
 - Level 1.7 Dodging
 - Level 1.7 Stealth
 + Level 2.8 Spellcasting
 + Level 2.3 Conjurations
 - Level 3.0 Air Magic


You had 6 spell levels left.
You knew the following spells:

 Your Spells              Type           Power      Damage    Failure   Level
a - Shock                 Conj/Air       44%        1d5       6%          1

Your spell library contained the following spells:

 Spells                   Type           Power      Damage    Failure   Level
 Static Discharge         Conj/Air       22%        2-3/arc   9%          2
 Swiftness                Air            12%        N/A       16%         3
 Apportation              Tloc           4%         N/A       19%         1
 Necrotise                Necr           8%         1d4       19%         1
 Summon Small Mammal      Summ           8%         N/A       19%         1
 Airstrike                Air            6%         2d(1-17)  45%         4


Dungeon Overview and Level Annotations

Branches:
Dungeon (2/15)

Altars:

Shops:
D:1 *[**

Annotations:
D:2 Natasha


Innate Abilities, Weirdness & Mutations

Your plain brown scales are hard. (AC +5)
You cannot fit into any form of body armour.
You are cold-blooded and may be slowed by cold attacks.


Message History

You see here a +2 chain mail of cold resistance.
There is an escape hatch in the floor here.
You see here 5 stones.
There is a stone staircase leading down here.
You climb downwards.
There is a stone staircase leading up here.
An adder comes into view.
An adder is nearby!
An adder is nearby!
Found 11 gold pieces.
The adder hisses angrily.
Natasha, Servant of Life and Death comes into view.
Natasha mumbles some strange words.
Natasha glows brightly for a moment.
Natasha casts a spell.
There are monsters nearby!
The shadow imp shouts!
The adder closely misses you.
You miss the adder. The adder bites you.
You closely miss the adder. The adder closely misses you.
You miss the adder. The adder closely misses you. The adder barely misses you.
You barely miss Natasha. The adder bites you but does no damage.
Natasha mewls in sadness.
Natasha closely misses you.
You hit Natasha.
Natasha is moderately wounded.
The adder bites you but does no damage. The shadow imp puffs mist at you.
Natasha casts a spell at you. The magic dart hits you. The adder bites you.
You barely miss Natasha.
Natasha is moderately wounded.
The shadow imp hits you. The adder closely misses you. Natasha claws you.
* * * LOW HITPOINT WARNING * * *
You are too injured to fight recklessly!
The adder bites you.
* * * LOW HITPOINT WARNING * * *
You are lethally poisoned!
The adder poisons you! Natasha claws you.
You die...

#.#..# #.#..#
#.#..#.#
#.#..#.#
#.#..#.# #
#.#..#.#
#.#.#..#.#
#..<...#.#
######@#.###
#hS...###..
#5.........
#.........###..
#~####....#
.....# #.....#
..$...#
~♣.....#


You could see Natasha, an adder and a shadow imp (summoned).

Vanquished Creatures
  A gnoll (D:1)
  4 dart slugs (D:1)
  4 endoplasms (D:1)
  A giant cockroach (D:1)
  3 goblins (D:1)
  A jackal (D:1)
  A quokka (D:1)
  2 ball pythons (D:1)
  A bat (D:1)
  2 frilled lizards (D:1)
  2 kobolds (D:1)
  A rat (D:1)
23 creatures vanquished.

Notes
Turn   | Place    | Note
-------+----------+-------------------------------------------
     0 | D:1      | ASSMAN the Draconian Air Elementalist began the quest for
                  | the Orb.
     0 | D:1      | Reached XP level 1. HP: 14/14 MP: 3/3
   115 | D:1      | Reached XP level 2. HP: 15/20 MP: 3/5
   162 | D:1      | Found a faded altar of an unknown god.
   180 | D:1      | Found Ygalyg's Assorted Antiques.
   197 | D:1      | Found Xuifyng's Armour Shop.
   307 | D:1      | Reached XP level 3. HP: 25/26 MP: 7/7
   340 | D:1      | Found Ihitulokk's General Store.
   345 | D:1      | Found Cenyecki's Assorted Antiques.
   855 | D:2      | Noticed Natasha
   864 | D:2      | Slain by Natasha

Illustrated notes

Levels and vault maps discovered:
D:1:      dpeg_arrival_brainrot, layout_loops_ring, serial_shops, shop, shop,
          shop, shop, ebering_ecumenical_altar_rust
D:2:      layout_basic, serial_rivers, chequers_serial_rivers_room_a,
          chequers_serial_rivers_marsh, chequers_serial_rivers_small_b,
          chequers_serial_rivers_small_b, chequers_serial_rivers_micro_d,
          minmay_tromino_v4_b, uniq_natasha

Skill      XL: |  1  2 |
---------------+-------+-----
Conjurations   | 2 |  2.3
Dodging        | |  1.7
Stealth        | |  1.7
Spellcasting   | |  2.8
Air Magic      | |  3.0

Action                     || total
---------------------------++-------
  Melee: Unarmed           ||    12
         Dagger            ||     8
         Tailslap          ||     5
         Punch             ||     1
         Whip              ||    46
   Cast: Shock             ||     7
   Stab: Sleeping          ||     3
 Armour: Skin              ||    14
  Dodge: Dodged            ||    40

Table legend: (Time is in decaauts)
 A = Elapsed time spent in this place.
 B = Non-inter-level travel time spent in this place.
 C = Inter-level travel time spent in this place.
 D = Time resting spent in this place.
 E = Time spent auto-exploring this place.
 F = Levels seen in this place.
 G = Mean time per level.
                   A        B        C        D        E       F      G
               +--------+--------+--------+--------+--------+-----+--------+
         Total |    868 |    824 |     44 |      0 |    654 |   2 |  434.0 |
       Dungeon |    868 |    824 |     44 |      0 |    654 |   2 |  434.0 |
               +--------+--------+--------+--------+--------+-----+--------+

Top non-repeatable levels by time:
     D:1: 854 daAuts
     D:2: 14 daAuts
